[Event "Memorial Ukrainian Chess Warriors 2024"]
[Site "Lviv"]
[Date "2024.03.15"]
[Round "6.4"]
[White "Petursson, Margeir"]
[Black "Sakun, Volodymyr"]
[Result "0-1"]
[ECO "D30"]
[WhiteElo "2344"]
[BlackElo "2301"]
[Annotator "TA"]
[PlyCount "66"]
[EventDate "2024.03.06"]
[EventType "swiss"]
[EventCountry "UKR"]
[SourceTitle "playchess.com"]
[Source "ChessBase"]
[SourceQuality "1"]
[TimeControl "600+5"]

1. d4 d5 2. c4 e6 3. Nf3 Nf6 4. g3 Bb4+ 5. Nc3 dxc4 6. Bg2 O-O 7. O-O Nc6 8. a3 Be7 9. e4 Rb8 10. Re1 b5 11. Bf4 {[%emt 0:00:18] The position is equal.} a6 12. d5 Na5 13. Nd4 (13. Qc2 $11) 13... Bc5 $17 14. Rb1 exd5 15. exd5 Bg4 16. Qd2 Re8 (16... Qd7 $17 {And now ...Bb6 would win.} 17. Be5 Bxd4 18. Qxd4 Nb3) 17. Bg5 (17. Rxe8+ $15 Nxe8 18. Ne4) 17... Rxe1+ (17... Qd6 $142 18. h3 Bd7) 18. Rxe1 h6 19. Bf4 Bb6 20. h3 {[%emt 0:01:15] [#]} Bd7 (20... Bh5 $1 $17) 21. Be5 (21. d6 $1 $11) 21... Rc8 $36 {[%emt 0:00:37][%mdl 2048] Black is more active.} 22. Qf4 Nh5 23. Qf3 Qg5 {[%emt 0:00:12] White must now prevent ...Re8.} 24. h4 {[%emt 0:01:13] This move loses the game for White.} (24. d6 $17 Re8 (24... cxd6 $2 25. Nd5 $19) 25. h4) 24... Qg6 $19 25. Nc6 (25. Qe4 {keeps fighting.}) 25... Re8 26. Re4 {[%emt 0:00:29] Wards off Bg4} (26. Nxa5 Bxa5 27. Re4) 26... Nxc6 {[%emt 0:00:22] Black is clearly winning.} 27. dxc6 Bxc6 {[%emt 0:00:02] [#] ...Rxe5 is the strong threat.} 28. Qd1 Bxe4 29. Bxe4 Qe6 30. Qxh5 Qxe5 31. Qf3 Bd4 {[%emt 0:00:19] Strongly threatening ...Bxc3.} 32. Bd5 Qf6 33. Qxf6 Bxf6 {[%emt 0:00:02] Weighted Error Value: White=0.93/Black=0.36.  Mistake:       	White=6     	Black=3      Inaccurate:     	White=1     	Black=1      OK:         	White=6     	Black=7      Best:        	White=1     	Black=4} 0-1

[Event "Memorial Ukrainian Chess Warriors 2024"]
[Site "Lviv"]
[Date "2024.03.15"]
[Round "6.5"]
[White "Kravtsiv, Martyn"]
[Black "Sydoryka, Vladyslav"]
[Result "1-0"]
[ECO "B10"]
[WhiteElo "2598"]
[BlackElo "2310"]
[Annotator "TA"]
[PlyCount "49"]
[EventDate "2024.03.06"]
[EventType "swiss"]
[EventCountry "UKR"]
[SourceTitle "playchess.com"]
[Source "ChessBase"]
[SourceQuality "1"]
[TimeControl "600+5"]

1. e4 c6 2. Nf3 d5 3. d3 dxe4 4. dxe4 Qxd1+ 5. Kxd1 g6 6. a4 Nf6 7. Nfd2 Nbd7 8. f3 {[%emt 0:00:04] White has an edge.} Nc5 9. Nc4 Bg7 10. Be3 Nfd7 11. Nbd2 b5 (11... b6 $142) 12. axb5 $16 cxb5 {[%emt 0:00:01] [#]} 13. Nb6 Bxb2 (13... Nxb6 14. Bxc5) 14. Ra2 (14. Nxa8 $6 Bxa1 15. Bxb5 (15. Nc7+ Kd8 $14) 15... O-O $14) 14... Nxb6 15. Bxc5 (15. Rxb2 $6 Nba4 16. Bxb5+ (16. Rxb5 Nc3+ 17. Ke1 Nxb5 $17) 16... Bd7 17. Bxa4 Nxa4 $16) (15. Bxb5+ Bd7 16. Rxb2 Bxb5 17. Rxb5 (17. Bxc5 Na4 $11) 17... Ne6 $16) 15... Bd7 {[%emt 0:00:34] [#]} (15... Nd7 $16) 16. Bxb6 $1 $18 ({Weaker is} 16. Rxb2 Na4 $18) 16... O-O 17. Rxb2 ({Not} 17. Bxa7 Be5 $18) ({Don't play} 17. Rxa7 Rxa7 18. Bxa7 Ra8 $18) 17... axb6 18. Bd3 Ra1+ 19. Rb1 Rfa8 20. Ke2 R1a2 21. Rhc1 Rc8 22. Bxb5 Rcxc2 $2 (22... Bxb5+ 23. Rxb5 Rcxc2) 23. Rxc2 Bxb5+ 24. Rxb5 Rxc2 25. Rxb6 {[%emt 0:00:02] White took control after the opening.   Weighted Error Value: White=0.15 (very precise) /Black=0.53.  Loses game:     	---       	Black=1      Mistake:       	---       	Black=2      Inaccurate:     	---       	Black=2      OK:         	White=7     	Black=5      Best:        	White=3     	---        Strong:       	White=1     	---        Brilliant:      	White=1     	---} 1-0

[Event "Memorial Ukrainian Chess Warriors 2024"]
[Site "Lviv"]
[Date "2024.03.15"]
[Round "6.6"]
[White "Bagiryan, Vigen"]
[Black "Grinev, Valeriy"]
[Result "0-1"]
[ECO "B40"]
[WhiteElo "1969"]
[BlackElo "2422"]
[Annotator "TA"]
[PlyCount "54"]
[EventDate "2024.03.06"]
[EventType "swiss"]
[EventCountry "UKR"]
[SourceTitle "playchess.com"]
[Source "ChessBase"]
[SourceQuality "1"]
[TimeControl "600+5"]

1. e4 c5 2. Nf3 e6 3. g3 Nc6 4. Bg2 Nf6 5. d3 d5 6. exd5 exd5 7. O-O Be7 {[%emt 0:00:05] Aktives Gegenspiel!} 8. d4 {[%emt 0:00:03] Die Stellung ist ausgeglichen.} O-O 9. h3 Bf5 10. c3 Qb6 11. Re1 Rfe8 12. b3 (12. Qb3 $11) 12... cxd4 $17 13. Nxd4 Nxd4 14. cxd4 Bb4 15. Rxe8+ Rxe8 16. Be3 Ne4 17. g4 Bg6 18. a3 Bd6 $36 {[%emt 0:00:31][%mdl 2048] Schwarz bestimmt, wo es lang geht.} 19. b4 a5 ({Günstiger ist} 19... Bb8 $17 {Weiss muss nun ...Qc7 beachten.} 20. Nd2 Nxd2 21. Qxd2 Qd6) 20. Qa4 (20. Bxe4 $11 {verdient Beachtung.} Bxe4 (20... Rxe4 21. Nc3 $11) (20... dxe4 21. Nd2 $11) 21. Nc3) 20... Ra8 $15 21. Bxe4 $1 Bxe4 22. Nc3 {[#]} (22. Nd2 $1 $15) 22... Bf3 $1 $17 {[%emt 0:00:32] Zielt auf ...Qd8 ab. Das Läuferpaar ist gut.} 23. bxa5 $2 {[%emt 0:00:50] Der Zug kostet die Partie für Weiß.} (23. Qd7 $17) 23... Qd8 $19 {[%emt 0:00:10][%cal Od8h4] Und ...Qh4! würde nun gewinnen.} (23... Rxa5 24. Qd7 (24. Qe8+ Bf8 $15) 24... Qc7 (24... Bxa3 $2 25. Rxa3 h5 26. Qc8+ Kh7 27. Qf5+ Kg8 28. Rxa5 $18) 25. Qxc7 Bxc7 26. Rb1 $11) (23... Qxa5 24. Qxa5 Rxa5 25. Rb1 $15) 24. Qb5 (24. Nb1 $142 Qh4 (24... Rxa5 $2 25. Qc2 $19) (24... Qxa5 25. Qxa5 Rxa5 26. Nd2 $17) 25. Nd2) 24... Qh4 (24... Rxa5 $2 25. Qxb7 h5 (25... Bxa3 $2 26. Bd2 $19) (25... Rxa3 26. Rxa3 Bxa3 27. Nb1 $15) 26. Nb1 $19) ({Lieber nicht} 24... Qxa5 25. Qd3 $11) 25. Qf1 h5 26. g5 (26. Nb5 $142 Be7 (26... Bb8 $2 27. Rc1 $19) 27. Bf4) 26... Re8 {[%emt 0:00:13][%cal Oe8e3] ( -> ...Rxe3!)} 27. Re1 {[%emt 0:00:11] [#]} Rxe3 $1 {[%emt 0:00:06][%mdl 512] Gewichteter Fehlerwert: Weiß=0.99/Schwarz=0.12 (sehr präzise) .  Fehler:       	Weiß=6     	Schwarz=1     Ungenau:       	Weiß=4     	Schwarz=2     OK:         	Weiß=3     	Schwarz=8     Bester:       	Weiß=1     	Schwarz=1     Stark:        	Weiß=1     	Schwarz=1} 0-1

[Event "Memorial Ukrainian Chess Warriors 2024"]
[Site "Lviv"]
[Date "2024.03.15"]
[Round "6.7"]
[White "Starozhilov, Leonid"]
[Black "Hnatyshyn, Anastasiya"]
[Result "0-1"]
[ECO "A13"]
[WhiteElo "2285"]
[BlackElo "2017"]
[Annotator "TA"]
[PlyCount "70"]
[EventDate "2024.03.06"]
[EventType "swiss"]
[EventCountry "UKR"]
[SourceTitle "playchess.com"]
[Source "ChessBase"]
[SourceQuality "1"]
[TimeControl "600+5"]

1. c4 e6 2. Nf3 d5 3. b3 Nf6 4. Bb2 c5 5. cxd5 exd5 6. e3 Nc6 7. Bb5 Be7 8. Bxc6+ bxc6 9. Ne5 Qb6 10. O-O {[%emt 0:00:24] Weiß steht etwas besser.} O-O 11. d3 a5 12. Nc3 {[%emt 0:00:34] [#]} a4 $1 13. Ba3 ({Viel schlechter ist} 13. Nxa4 Rxa4 14. bxa4 Qxb2 15. Nxc6 Qb7 16. Nxe7+ Qxe7 $17) (13. Qc1 axb3) 13... axb3 14. axb3 Bd6 (14... Qc7 $15 {ist eher angebracht.} 15. Nf3 Bg4) 15. d4 $2 {[%emt 0:00:35][%mdl 8192] [#] Schwarz führt seinen Vorteil zum Gewinn.} (15. Nf3 $1 $11) 15... Rxa3 $1 $19 16. Rxa3 cxd4 17. Na4 Qc7 18. Ra2 (18. b4 {war erzwungen.} Bxe5 19. f4 dxe3 20. fxe5 Qxe5 21. Qe2) 18... Bxe5 19. f4 Bd6 20. Qxd4 c5 21. Qd3 Bb7 22. Nc3 Qc6 23. Qb5 d4 24. Qxc6 Bxc6 {[%emt 0:00:01] Das Läuferpaar ist gut.} 25. Ra6 dxc3 26. Rxc6 Ne4 27. Ra1 Rb8 28. Ra4 (28. Rca6 $142 c4 (28... Rxb3 $2 29. Rxd6 g6 30. Rdd1 $19) 29. b4) 28... f5 (28... c2 $142 29. Rc4 Rxb3 (29... Ra8 $2 30. g4 $19)) 29. g4 g6 30. g5 Rxb3 31. Rc8+ Kf7 {[%emt 0:00:01] ( -> ...c2)} 32. Ra7+ Ke6 {[%emt 0:00:01] Schwarz setzt Matt.} 33. Ra2 Rb1+ 34. Kg2 Rb2+ 35. Rxb2 cxb2 {[%emt 0:00:01] Gewichteter Fehlerwert: Weiß=0.92/Schwarz=0.26 (präzise) .  Verlustzug:     	Weiß=1     	---        Fehler:       	Weiß=2     	Schwarz=2     Ungenau:       	Weiß=3     	Schwarz=1     OK:         	Weiß=6     	Schwarz=9     Bester:       	Weiß=1     	Schwarz=1     Brilliant:      	---       	Schwarz=2} 0-1

[Event "Memorial Ukrainian Chess Warriors 2024"]
[Site "Lviv"]
[Date "2024.03.15"]
[Round "6.8"]
[White "Shevchenko, Yaroslav"]
[Black "Semenov, Dmytro"]
[Result "1-0"]
[ECO "E06"]
[WhiteElo "1971"]
[BlackElo "2370"]
[Annotator "ChessBase"]
[PlyCount "69"]
[EventDate "2024.03.06"]
[EventType "swiss"]
[EventCountry "UKR"]
[SourceTitle "playchess.com"]
[Source "ChessBase"]
[SourceQuality "1"]
[TimeControl "600+5"]

1. d4 d5 2. c4 e6 3. Nf3 Nf6 4. g3 Be7 5. Bg2 O-O 6. O-O c6 7. Qc2 b6 8. Nbd2 Na6 9. a3 Bb7 10. Rd1 Rc8 11. b4 c5 12. dxc5 bxc5 13. b5 Nc7 14. Bb2 Nd7 15. e3 Bf6 16. a4 Qe7 17. h4 h6 18. Rac1 Rfd8 19. Bxf6 Qxf6 20. Ne1 Ne8 21. Nb3 Ne5 22. Na5 Ba8 23. Nd3 dxc4 24. Nxe5 Bxg2 25. Rxd8 Qxd8 26. Kxg2 Qxa5 27. Nc6 Rxc6 28. bxc6 Nd6 29. Qe2 Qc7 30. Qf3 e5 31. Qd5 e4 32. Rd1 c3 33. Qxd6 Qxd6 34. Rxd6 c2 35. c7 1-0

[Event "Memorial Ukrainian Chess Warriors 2024"]
[Site "Lviv"]
[Date "2024.03.15"]
[Round "6.9"]
[White "Kazakov, Maksym"]
[Black "Alexikov, Alexander"]
[Result "0-1"]
[ECO "A01"]
[WhiteElo "1992"]
[BlackElo "2183"]
[Annotator "RC"]
[PlyCount "78"]
[EventDate "2024.03.06"]
[EventType "swiss"]
[EventCountry "UKR"]
[SourceTitle "playchess.com"]
[Source "ChessBase"]
[SourceQuality "1"]
[TimeControl "600+5"]

1. b3 e5 2. Bb2 d6 3. e3 g6 4. c4 Bg7 5. Nf3 f5 6. d3 Nf6 7. Be2 c5 8. O-O O-O 9. Nc3 Nc6 10. Nd5 Nxd5 11. cxd5 Ne7 12. e4 Kh8 13. Nd2 Ng8 14. f4 exf4 15. Bxg7+ Kxg7 16. Rxf4 Nf6 17. h4 Qe7 18. g3 Bd7 19. Qc2 Rae8 20. Raf1 b5 21. Qb2 Kg8 22. b4 Nxd5 23. Qb3 Qf7 24. exd5 Rxe2 25. Nf3 h6 26. Rf2 Re3 27. Rd2 g5 28. hxg5 hxg5 29. Nxg5 Rxg3+ 30. Rg2 Rxg2+ 31. Kxg2 Qg6 32. Rf3 f4 33. bxc5 Qxg5+ 34. Kf2 Bg4 35. d4 Bxf3 36. Qxf3 Qg3+ 37. Qxg3+ fxg3+ 38. Kxg3 dxc5 39. dxc5 Rf5 0-1

[Event "Memorial Ukrainian Chess Warriors 2024"]
[Site "Lviv"]
[Date "2024.03.15"]
[Round "6.10"]
[White "Bykovskiy, Oleg"]
[Black "Zakordonets, Olexandr"]
[Result "1-0"]
[ECO "B13"]
[WhiteElo "2231"]
[BlackElo "1963"]
[Annotator "TA"]
[PlyCount "65"]
[EventDate "2024.03.06"]
[EventType "swiss"]
[EventCountry "UKR"]
[SourceTitle "playchess.com"]
[Source "ChessBase"]
[SourceQuality "1"]
[TimeControl "600+5"]

1. e4 c6 2. d4 d5 3. exd5 cxd5 4. Bd3 Nc6 5. c3 Nf6 6. h3 g6 7. Nf3 Bf5 8. Be2 e6 9. O-O {[%emt 0:00:05] The position is equal.} Bd6 10. Nbd2 (10. Bh6 {is more complex.} Nh5 11. Ne5 Qh4 12. Qd2) 10... h5 11. Re1 Kf8 12. Nf1 Kg7 13. Bg5 Qc7 14. Bd3 Bxd3 (14... Ne7 {looks sharper.} 15. Ne3 Bxd3 16. Qxd3 Rac8) 15. Bxf6+ Kxf6 16. Qxd3 Kg7 17. N1d2 {[%emt 0:00:25][%cal Bf1d2,Bd2b3,Bb3c5][%mdl 32] [#]} b5 $1 18. Ng5 (18. Qxb5 Rhb8 19. Qd3 Rxb2 $17) (18. Nb3 a6) 18... Rhe8 19. b4 ({But not} 19. Qxb5 Rab8 20. Qd3 Rxb2 $17) 19... Bf4 (19... a5 {keeps more tension.} 20. a3 Ne7 21. Nb3 Qc4) 20. Ngf3 Ne7 21. Nb3 $1 Nf5 22. Nc5 Nd6 (22... a5 $1 $11) 23. g3 Bh6 24. a4 bxa4 25. Rxa4 a5 26. Ne5 {[%emt 0:00:25] Wards off Nc4. White is more active. Excellent horsemanship.} Ne4 {[%emt 0:02:01] This costs Black the game.} 27. Nxe4 $18 dxe4 28. Qxe4 {[%emt 0:00:01] Black must now prevent Rb1.} ({Don't do} 28. Rxe4 $6 axb4 29. Rxb4 Bg5 $16) 28... Qxc3 ({Don't go for} 28... Bd2 $2 29. Rb1 $18) 29. Rea1 Red8 (29... Bg5 {was necessary.} 30. bxa5 Bf6) 30. bxa5 Rab8 $2 {[%emt 0:00:16] [#]} (30... h4 31. Qxh4 f6) 31. Nc6 {[%emt 0:00:22] White is clearly winning.} Rbc8 32. Nxd8 Rxd8 33. a6 {[%emt 0:00:02] Weighted Error Value: White=0.05 (flawless) /Black=0.25 (precise) .  Mistake:       	---       	Black=4      Inaccurate:     	---       	Black=1      OK:         	White=7     	Black=8      Best:        	White=3     	---        Strong:       	White=1     	---} 1-0

[Event "Memorial Ukrainian Chess Warriors 2024"]
[Site "Lviv"]
[Date "2024.03.15"]
[Round "6.11"]
[White "Domanskiy, Mykola"]
[Black "Voitychuk, Orest"]
[Result "1/2-1/2"]
[ECO "C54"]
[WhiteElo "2046"]
[BlackElo "1953"]
[Annotator "RC"]
[PlyCount "103"]
[EventDate "2024.03.06"]
[EventType "swiss"]
[EventCountry "UKR"]
[SourceTitle "playchess.com"]
[Source "ChessBase"]
[SourceQuality "1"]
[TimeControl "600+5"]

1. e4 e5 2. Nf3 Nc6 3. Bc4 Bc5 4. c3 Nf6 5. d3 d6 6. h3 h6 7. Nbd2 a6 8. a4 O-O 9. O-O Ba7 10. Re1 Ne7 11. Nf1 Ng6 12. d4 c6 13. Ng3 Re8 14. dxe5 dxe5 15. Qb3 Qc7 16. a5 Be6 17. Be3 Bxe3 18. fxe3 Rad8 19. Bxe6 Rxe6 20. Red1 Red6 21. Rxd6 Rxd6 22. Qc4 Rd8 23. Nf5 Qd7 24. Qb4 Qd3 25. Qxb7 Qxe4 26. Nd6 Qxe3+ 27. Kh1 Rf8 28. Qxc6 Nh5 29. Re1 Ng3+ 30. Kh2 Qf4 31. Kg1 h5 32. Qc4 Qf6 33. Ne4 Qf4 34. Ned2 Qf6 35. Nf1 Nf5 36. b4 Nd6 37. Qxa6 e4 38. Nd4 Nf4 39. Ne3 Qg6 40. Kh1 Nd3 41. Rf1 Rd8 42. Nc6 Re8 43. b5 Qg3 44. Qb6 Nf2+ 45. Rxf2 Qxf2 46. a6 h4 47. a7 Qe1+ 48. Kh2 Qg3+ 49. Kg1 Qe1+ 50. Kh2 Qg3+ 51. Kg1 Qe1+ 52. Nf1 1/2-1/2

[Event "Memorial Ukrainian Chess Warriors 2024"]
[Site "Lviv"]
[Date "2024.03.15"]
[Round "6.12"]
[White "Karvatskyi, Oleksii"]
[Black "Hrabinska, Myroslava"]
[Result "1/2-1/2"]
[ECO "D00"]
[WhiteElo "1986"]
[BlackElo "2177"]
[Annotator "RC"]
[PlyCount "49"]
[EventDate "2024.03.06"]
[EventType "swiss"]
[EventCountry "UKR"]
[SourceTitle "playchess.com"]
[Source "ChessBase"]
[SourceQuality "1"]
[TimeControl "600+5"]

1. d4 d5 2. Nc3 Nf6 3. Bf4 c6 4. e3 Bf5 5. Nf3 e6 6. Ne5 Bb4 7. g4 Bg6 8. h4 Ne4 9. h5 Nxc3 10. bxc3 Bxc3+ 11. Ke2 Be4 12. f3 Bxa1 13. Qxa1 f6 14. fxe4 fxe5 15. Bxe5 O-O 16. Qe1 Nd7 17. Bd6 Rf7 18. e5 Qb6 19. g5 Qb5+ 20. Kd1 Qb1+ 21. Kd2 Qxa2 22. Bh3 Nb6 23. Bxe6 Nc4+ 24. Kd3 Nxd6 25. g6 1/2-1/2

[Event "Memorial Ukrainian Chess Warriors 2024"]
[Site "Lviv"]
[Date "2024.03.15"]
[Round "6.13"]
[White "Medvedyk, Vasyl"]
[Black "Pentsko, Stanislav"]
[Result "1/2-1/2"]
[ECO "B20"]
[WhiteElo "1957"]
[BlackElo "1634"]
[Annotator "RC"]
[PlyCount "104"]
[EventDate "2024.03.06"]
[EventType "swiss"]
[EventCountry "UKR"]
[SourceTitle "playchess.com"]
[Source "ChessBase"]
[SourceQuality "1"]
[TimeControl "600+5"]

1. e4 c5 2. a3 e6 3. b4 cxb4 4. axb4 Nf6 5. e5 Nd5 6. b5 d6 7. exd6 Bxd6 8. Bb2 O-O 9. Nf3 e5 10. Bc4 Nf4 11. g3 Nh3 12. d4 e4 13. Ng1 Re8 14. Nxh3 Bxh3 15. Qh5 Qd7 16. Kd2 Bb4+ 17. Kc1 g6 18. Qd5 Qc7 19. c3 Bf8 20. Be2 Bh6+ 21. Kd1 Nd7 22. Nd2 Nb6 23. Qc5 Qd7 24. Nf1 Rac8 25. Qb4 Nd5 26. Qb3 e3 27. f3 b6 28. Rg1 Rc7 29. Rc1 Rec8 30. c4 Bxf1 31. Rxf1 Ne7 32. g4 Bf4 33. Qd3 Bxh2 34. Qxe3 Qd6 35. f4 Qe6 36. Qxe6 fxe6 37. Bc3 Rf8 38. Bd2 Rd7 39. Ke1 Rxd4 40. c5 bxc5 41. Rxc5 Nd5 42. Bc4 Bxf4 43. Bxf4 Nxf4 44. Rc7 Ng2+ 45. Ke2 Rxf1 46. Bxe6+ Kf8 47. Kxf1 Nf4 48. Bc4 h5 49. gxh5 gxh5 50. Be2 Nxe2 51. Kxe2 Rb4 52. Rxa7 Rxb5 1/2-1/2

[Event "Memorial Ukrainian Chess Warriors 2024"]
[Site "Lviv"]
[Date "2024.03.15"]
[Round "6.14"]
[White "Vinogradnik, Vladimir"]
[Black "Baziuk, Vladyslav"]
[Result "0-1"]
[ECO "B10"]
[WhiteElo "2036"]
[BlackElo "2211"]
[Annotator "ChessBase"]
[PlyCount "50"]
[EventDate "2024.03.06"]
[EventType "swiss"]
[EventCountry "UKR"]
[SourceTitle "playchess.com"]
[Source "ChessBase"]
[SourceQuality "1"]
[TimeControl "600+5"]

1. e4 c6 2. d3 d5 3. Nd2 e5 4. Ngf3 Bd6 5. g3 Nf6 6. Bg2 O-O 7. O-O Re8 8. Re1 Nbd7 9. d4 dxe4 10. Nxe4 Nxe4 11. dxe5 Nxe5 12. Rxe4 Nxf3+ 13. Bxf3 Rxe4 14. Bxe4 Be6 15. Qd3 h6 16. Be3 Qc7 17. Rd1 Be5 18. Bxa7 f5 19. Bxf5 Bxf5 20. Qxf5 Rxa7 21. Qe6+ Kh7 22. Qf5+ g6 23. Rd7+ Bg7 24. Qf7 Qe5 25. Rd8 h5 0-1

[Event "Memorial Ukrainian Chess Warriors 2024"]
[Site "Lviv"]
[Date "2024.03.15"]
[Round "6.15"]
[White "Kotovskyy, Dmytro"]
[Black "Stolbov, Mikhail G."]
[Result "0-1"]
[ECO "B10"]
[WhiteElo "2024"]
[BlackElo "2205"]
[Annotator "RC"]
[PlyCount "72"]
[EventDate "2024.03.06"]
[EventType "swiss"]
[EventCountry "UKR"]
[SourceTitle "playchess.com"]
[Source "ChessBase"]
[SourceQuality "1"]
[TimeControl "600+5"]

1. e4 c6 2. Nf3 d5 3. Nc3 dxe4 4. Nxe4 Nf6 5. Ng3 h5 6. h4 Bg4 7. Bc4 e6 8. d3 Bd6 9. Bg5 Qc7 10. Bxf6 gxf6 11. Ne4 Nd7 12. Nxd6+ Qxd6 13. Qe2 Ne5 14. O-O-O Nxf3 15. gxf3 Qf4+ 16. Qd2 Qxd2+ 17. Rxd2 Bxf3 18. Rg1 Ke7 19. Rg3 Bd5 20. Bxd5 cxd5 21. d4 Rhg8 22. Rdd3 Rg4 23. Rxg4 hxg4 24. h5 f5 25. Kd2 f4 26. Ke2 Kf6 27. Rc3 b6 28. Rc7 Rh8 29. Rxa7 Rxh5 30. Rb7 Rh2 31. Ke1 g3 32. fxg3 fxg3 33. Kf1 Rxc2 34. Rxb6 Kg5 35. a4 Kg4 36. Rb8 f5 0-1

[Event "Memorial Ukrainian Chess Warriors 2024"]
[Site "Lviv"]
[Date "2024.03.15"]
[Round "6.16"]
[White "Smolkin, Alexander"]
[Black "Fishchuk, Vladyslav"]
[Result "1-0"]
[ECO "C22"]
[WhiteElo "1957"]
[BlackElo "2203"]
[Annotator "RC"]
[PlyCount "51"]
[EventDate "2024.03.06"]
[EventType "swiss"]
[EventCountry "UKR"]
[SourceTitle "playchess.com"]
[Source "ChessBase"]
[SourceQuality "1"]
[TimeControl "600+5"]

1. e4 e5 2. d4 exd4 3. Qxd4 Nc6 4. Qe3 Nf6 5. Nc3 Bb4 6. Bd2 O-O 7. O-O-O Re8 8. Qg3 Rxe4 9. Bd3 Rg4 10. Qf3 d5 11. h3 Ne5 12. Qe2 Nxd3+ 13. Qxd3 Rxg2 14. Qf3 Rg6 15. Nge2 c6 16. Nf4 Rh6 17. Nd3 Rh4 18. Nxb4 Rxb4 19. Nxd5 Nxd5 20. Bxb4 Qb6 21. Bd6 Be6 22. Rhg1 Re8 23. Rxg7+ Kxg7 24. Rg1+ Kh6 25. Bf4+ Nxf4 26. Qxf4+ 1-0

[Event "Memorial Ukrainian Chess Warriors 2024"]
[Site "Lviv"]
[Date "2024.03.15"]
[Round "6.17"]
[White "Guivan, Vasily"]
[Black "Terletsky, Oleg A."]
[Result "1-0"]
[ECO "D00"]
[WhiteElo "2013"]
[BlackElo "2036"]
[Annotator "NA RC"]
[PlyCount "101"]
[EventDate "2024.03.06"]
[EventType "swiss"]
[EventCountry "UKR"]
[SourceTitle "playchess.com"]
[Source "ChessBase"]
[SourceQuality "1"]
[TimeControl "600+5"]

1. d4 d5 2. e4 dxe4 3. Nc3 Nf6 4. f3 exf3 5. Nxf3 Bg4 6. h3 Bh5 7. g4 Bg6 8. Ne5 Nbd7 9. Qe2 Nxe5 10. dxe5 Nd5 11. Qb5+ c6 12. Qxb7 Qc8 13. Ba6 Nb6 14. Qxc8+ Nxc8 15. Bb7 Rb8 16. Bxc6+ Kd8 17. e6 fxe6 18. Be3 Rxb2 19. O-O-O+ Kc7 20. Kxb2 Kxc6 21. Rd8 Nd6 22. Bd4 Kc7 23. Ra8 e5 24. Rxa7+ Kb8 25. Bc5 Nb7 26. Bb6 e6 27. Nb5 Bd6 28. Rd1 Rc8 29. Rxb7+ Kxb7 30. Nxd6+ Kxb6 31. Nxc8+ Kc5 32. Nd6 e4 33. Nb7+ Kc4 34. Rd6 e3 35. Rxe6 Kd4 36. Nd6 Kd5 37. Rxe3 Kxd6 38. c4 Kc5 39. Kc3 Kd6 40. Kd4 Bf7 41. a4 Be6 42. Rxe6+ Kxe6 43. a5 Kd6 44. c5+ Kc6 45. Kc4 g5 46. a6 Kc7 47. Kb5 Kb8 48. Kb6 h6 49. a7+ Ka8 50. c6 h5 51. c7 1-0

[Event "Memorial Ukrainian Chess Warriors 2024"]
[Site "Lviv"]
[Date "2024.03.15"]
[Round "6.18"]
[White "Andrienko, Artem"]
[Black "Ivanov, Taras"]
[Result "1/2-1/2"]
[ECO "A14"]
[WhiteElo "2041"]
[BlackElo "1831"]
[Annotator "NA"]
[PlyCount "105"]
[EventDate "2024.03.06"]
[EventType "swiss"]
[EventCountry "UKR"]
[SourceTitle "playchess.com"]
[Source "ChessBase"]
[SourceQuality "1"]
[TimeControl "600+5"]

1. c4 e6 2. g3 d5 3. Bg2 Nf6 4. Nf3 Be7 5. O-O O-O 6. d4 dxc4 7. Qc2 Bd7 8. a4 Bc6 9. Nbd2 Nbd7 10. Nxc4 Be4 11. Qc3 Nb6 12. Nfd2 Bxg2 13. Kxg2 c5 14. dxc5 Bxc5 15. Nxb6 Bxb6 16. Qf3 Qd5 17. Qxd5 Nxd5 18. Nc4 Bd4 19. Rd1 Bf6 20. e4 Nb6 21. Nd6 Rfd8 22. Ra3 Be5 23. Rad3 Bxd6 24. Rxd6 Rxd6 25. Rxd6 Nxa4 26. b4 Nb6 27. h4 Kf8 28. h5 Ke7 29. Rd2 g6 30. hxg6 hxg6 31. b5 a6 32. bxa6 bxa6 33. Rb2 Nd7 34. Rb7 Kd6 35. Bf4+ e5 36. Be3 a5 37. f4 Kc6 38. Rb1 exf4 39. gxf4 a4 40. Rc1+ Kd6 41. Rd1+ Ke6 42. f5+ gxf5 43. exf5+ Ke7 44. Bg5+ f6 45. Bf4 a3 46. Bd6+ Ke8 47. Re1+ Kd8 48. Rh1 Kc8 49. Rc1+ Kd8 50. Rh1 Kc8 51. Rh8+ Kb7 52. Rxa8 Kxa8 53. Bxa3 1/2-1/2

[Event "Memorial Ukrainian Chess Warriors 2024"]
[Site "Lviv"]
[Date "2024.03.15"]
[Round "6.19"]
[White "Lehinovych, Maksym"]
[Black "Lornye, Pylyp"]
[Result "1/2-1/2"]
[ECO "A05"]
[WhiteElo "1618"]
[BlackElo "2147"]
[Annotator "ChessBase"]
[PlyCount "106"]
[EventDate "2024.03.06"]
[EventType "swiss"]
[EventCountry "UKR"]
[SourceTitle "playchess.com"]
[Source "ChessBase"]
[SourceQuality "1"]
[TimeControl "600+5"]

1. Nf3 Nf6 2. g3 g6 3. Bg2 Bg7 4. O-O O-O 5. d3 d6 6. e4 c5 7. Nc3 Nc6 8. Nd2 Rb8 9. a4 a6 10. Nc4 b5 11. axb5 axb5 12. Ne3 b4 13. Ne2 Nd4 14. f4 Qc7 15. f5 e6 16. g4 Nd7 17. Kh1 exf5 18. gxf5 Bb7 19. Nxd4 cxd4 20. Nc4 Ne5 21. f6 Bh8 22. Nxe5 dxe5 23. Bh6 Rfc8 24. Rc1 Qb6 25. Qf3 Rc6 26. Bg5 Rbc8 27. Bh3 R8c7 28. Qg3 Qb5 29. Rf5 Rc5 30. Bh6 Bc8 31. Rf2 b3 32. Bxc8 Rxc8 33. Qg4 Qb7 34. Qg2 Qd7 35. h4 Qe6 36. Bg5 h5 37. Kh2 Qc6 38. Rg1 Rxc2 39. Bd2 Qe6 40. Qf3 Rxb2 41. Qxh5 Rxd2 42. Rxd2 Qxf6 43. Qg4 Rc2 44. Rxc2 bxc2 45. Qc8+ Kh7 46. Qxc2 Qxh4+ 47. Kg2 Qg4+ 48. Kf2 Qf4+ 49. Kg2 Bf6 50. Qf2 Qg4+ 51. Kh1 Qh3+ 52. Qh2 Qxh2+ 53. Kxh2 Bh4 1/2-1/2